 Dungeon Crawl Stone Soup version 0.32-a0-136-gc02482bde3 (webtiles) character file.

Game seed: 6985733661570184937

194 Bobbunny the Trooper (level 5, -3/42 (47) HPs)
             Began as an Armataur Fighter on Feb 10, 2024.
             Slain by a wight
             ... wielding a +2 battleaxe of venom
              (4 damage)
             ... on level 4 of the Dungeon.
             The game lasted 00:03:00 (2304 turns).

Bobbunny the Trooper (Armataur Fighter)             Turns: 2304, Time: 00:03:01

HP:   -3/42 (47)    AC:  9    Str: 24    XL:     5   Next: 44%
MP:   5/5           EV:  4    Int:  8    God:
Gold: 69            SH:  4    Dex:  9    Spells: 4/4 levels left

rFire   + . .        e - +4 spear (drain)
rCold   . . .        c - +0 buckler
rNeg    . . .        k - +0 plate armour
rPois   .            (no helmet)
rElec   .            (no cloak)
rCorr   .            (no gloves)
SInv    .            (no barding)
Will    .....        (no amulet) Stlth
                     h - ring of protection from fire
HPRegen 0.27/turn    (no ring)
MPRegen 2.07/turn

%: roll
@: lethally poisoned (-3 -> -10), heavily drained
A: large, deformed body, tough skin 3, armoured tail, roll 1
a: no special abilities


You were on level 4 of the Dungeon.
You visited 1 branch of the dungeon, and saw 4 of its levels.

You collected 183 gold pieces.
You spent 114 gold pieces at shops.

Inventory:

Hand Weapons
 a - a +0 war axe
 e - a +4 spear of draining (weapon)
Missiles
 f - 7 poisoned darts
 s - 6 boomerangs (quivered)
Armour
 c - a +0 buckler (worn)
 k - a +0 plate armour (worn)
Jewellery
 h - a ring of protection from fire (left hand)
 i - an amulet of faith
 x - the ring "Arphethe" {Fly rPois rCorr Str+3}
   (You found it on level 3 of the Dungeon)

   [ring of resist corrosion]

   Str+3:     It affects your strength (+3).
   rPois:     It protects you from poison Fly: It grants you flight.
   rCorr:     It protects you from acid and corrosion.
Wands
 v - a wand of flame (16)
Scrolls
 g - a scroll of enchant armour {unknown}
 n - a scroll of fog {unknown}
 r - a scroll of vulnerability
 u - a scroll of immolation
 w - a scroll of summoning {unknown}
Potions
 b - 3 potions of heal wounds
 d - 2 potions of might
 j - a potion of lignification
 l - a potion of attraction {unknown}
 m - a potion of degeneration {unknown}
 o - a potion of berserk rage {unknown}
 p - a potion of enlightenment
 q - 2 potions of curing
 t - a potion of mutation {unknown}


   Skills:
 + Level 4.4 Fighting
 - Level 1.7(2.5) Axes
 + Level 2.8(3.1) Polearms
 - Level 3.6 Armour
 - Level 3.2 Shields


You had 4 spell levels left.
You didn't know any spells.
Your spell library contained the following spells:

 Spells                   Type           Power      Damage    Failure   Level
 Foxfire                  Conj/Fire      0%         2x1d4     100%        1
 Freeze                   Ice            0%         1d3       100%        1
 Necrotise                Necr           0%         1d4       100%        1
 Blink                    Tloc           0%         N/A       100%        2
 Lesser Beckoning         Tloc           0%         N/A       100%        2
 Momentum Strike          Conj/Tloc      0%         3d8       100%        2
 Call Canine Familiar     Summ           0%         N/A       100%        3
 Frozen Ramparts          Ice            0%         1d1       100%        3
 Sigil of Binding         Hex            0%         N/A       100%        3
 Vampiric Draining        Necr           0%         2d6       100%        3
 Dimensional Bullseye     Hex/Tloc       0%         N/A       100%        4
 Martyr's Knell           Necr/Summ      0%         N/A       100%        4
 Curse of Agony           Necr           0%         N/A       100%        5


Dungeon Overview and Level Annotations

Branches:
Dungeon (4/15)
 Temple: D:4-7

Altars:
Nemelex Xobeh

Shops:
D:1 *


Innate Abilities, Weirdness & Mutations

Armour fits poorly on your strangely shaped body.
You have extremely tough skin. (AC +3)
You have a long armoured tail.
You regenerate magic when rolling toward enemies. (Rampage MPRegen)


Message History

The hobgoblin shouts!
A hobgoblin is nearby!
A hobgoblin is nearby!
A hobgoblin is nearby!
You roll towards the hobgoblin!
You roll towards the hobgoblin!
The hobgoblin hits you.
A wight comes into view. It is wielding a +2 dire flail.
You puncture the hobgoblin!
You kill the hobgoblin! 2 wights come into view.
A wight is wielding a +4 hand axe of freezing.
A wight comes into view. It is wielding a +2 battleaxe of venom.
You roll towards the wight!
Found 11 gold pieces.
You closely miss the wight. The wight barely misses you.
You hit the wight but do no damage.
Your tail-slap misses the wight.
The wight hits you with a +2 battleaxe of venom.
You feel drained.
You are poisoned.
The wight hits you with a +2 dire flail.
The wight hits you with a +4 hand axe of freezing!
You feel drained. The wight freezes you.
You are too injured to fight recklessly!
You are too injured to fight recklessly!
You are too injured to fight recklessly!
You are too injured to fight recklessly!
You are too injured to fight recklessly!
You are too injured to fight recklessly!
You are too injured to fight recklessly!
You are too injured to fight recklessly!
You are too injured to fight recklessly!
You are too injured to fight recklessly!
You are too injured to fight recklessly!
You are too injured to fight recklessly!
You are too injured to fight recklessly!
You are too injured to fight recklessly!
You feel very sick.
The wight hits you with a +2 battleaxe of venom!!
* * * LOW HITPOINT WARNING * * *
You feel drained.
You die...

#.#.#.#....# #
#.......#.##.#
#...#........#
#.#####.#.####.
...............
..#####.#.#####
#.#.# #.# .
..#####@# ##
.$....z.#
#.....zz#
#......z#
#.......#
#.......#
#.......#
#.......#
#........


You could see 4 wights.

Vanquished Creatures
  A hound (D:3)
  2 orc wizards (D:3)
  Robin (D:2)
  3 adders
  4 ribbon worms (D:2)
  6 dart slugs
  An orc (D:3)
  An endoplasm (D:1)
  A giant cockroach (D:2)
  10 goblins
  7 hobgoblins
  A quokka (D:3)
  6 ball pythons
  7 bats
  5 frilled lizards
  A kobold (D:3)
  5 rats
62 creatures vanquished.

Vanquished Creatures (others)
  A jackal (D:2)
1 creature vanquished.

Grand Total: 63 creatures vanquished

Notes
Turn   | Place    | Note
-------+----------+-------------------------------------------
     0 | D:1      | Bobbunny the Armataur Fighter began the quest for the Orb.
     0 | D:1      | Reached XP level 1. HP: 18/18 MP: 1/1
   146 | D:1      | Reached skill level 3 in Fighting
   146 | D:1      | Reached XP level 2. HP: 26/26 MP: 2/2
   249 | D:1      | Found Azeoxzam's Assorted Antiques.
   256 | D:1      | Bought a pink potion for 21 gold pieces
   256 | D:1      | Bought a fuming golden potion for 21 gold pieces
   256 | D:1      | Bought a scroll labelled UWUCIMP MYINA for 24 gold pieces
   576 | D:2      | Reached skill level 1 in Polearms
   652 | D:2      | Reached XP level 3. HP: 28/31 MP: 3/3
   976 | D:2      | Reached XP level 4. HP: 37/40 MP: 4/4
  1138 | D:2      | Noticed Robin
  1150 | D:2      | Killed Robin
  1440 | D:1      | Bought a scroll labelled FEACISUOC for 24 gold pieces
  1440 | D:1      | Bought a scroll labelled DON GUENKEOL for 24 gold pieces
  1493 | D:3      | Found a faded altar of an unknown god.
  1654 | D:3      | Reached skill level 4 in Fighting
  1656 | D:3      | Reached XP level 5. HP: 46/46 MP: 5/5
  1687 | D:3      | Found a sparkling altar of Nemelex Xobeh.
  1701 | D:3      | Got the Precepts of the Destructive Wendigo
  2034 | D:3      | Identified the ring "Arphethe" {Fly rPois rCorr Str+3}
  2304 | D:4      | HP: 1/44 [wight/+2 battleaxe of venom (18)]
  2304 | D:4      | Slain by a wight

Illustrated notes

Levels and vault maps discovered:
D:1:      ncdulo_watergridlock, layout_rooms, serial_bayou,
          serial_bayou_crossing, serial_bayou_shore_a, serial_bayou_pond_d,
          serial_bayou_pond_d, serial_shops, shop, minmay_distorted
D:2:      layout_loops_ring, serial_glass, glass_columns_a, glass_columns_c,
          hangedman_feature_mirror, dk_noncrumbling_2, st_stairs_10, uniq_robin
D:3:      layout_loops_ring, old_standard_altar, serial_glass, glass_columns_a,
          glass_columns_b, glass_columns_c, glass_columns_a,
          dreamdust_ecumenical_altar_grove, minmay_liquid_box
D:4:      layout_basic, lemuel_crystal_altar, general_overflow_altar,
          nicolae_overflow_hallway_of_the_gods, minivault_14

Skill      XL: |  1  2  3  4 |
---------------+-------------+-----
Fighting       | 3 4 |  4.4
Polearms       | 1 2 |  2.8
Axes           | |  1.7
Armour         | |  3.6
Shields        | |  3.2

Action                     |  1- 3 |  4- 6 || total
---------------------------+-------+-------++-------
  Melee: War axe           |    10 |       ||    10
         Spear             |    86 |    72 ||   158
         Tailslap          |    10 |     3 ||    13
    Use: Scroll            |       |    10 ||    10
 Armour: Scale mail        |    12 |       ||    12
         Plate armour      |    39 |    49 ||    88
  Dodge: Dodged            |    16 |    14 ||    30
  Block: Buckler           |     7 |    10 ||    17

Table legend: (Time is in decaauts)
 A = Elapsed time spent in this place.
 B = Non-inter-level travel time spent in this place.
 C = Inter-level travel time spent in this place.
 D = Time resting spent in this place.
 E = Time spent auto-exploring this place.
 F = Levels seen in this place.
 G = Mean time per level.
                   A        B        C        D        E       F      G
               +--------+--------+--------+--------+--------+-----+--------+
         Total |   2311 |   2152 |    159 |      0 |   1751 |   4 |  577.8 |
       Dungeon |   2311 |   2152 |    159 |      0 |   1751 |   4 |  577.8 |
               +--------+--------+--------+--------+--------+-----+--------+

Top non-repeatable levels by time:
     D:2: 952 daAuts
     D:3: 794 daAuts
     D:1: 544 daAuts
     D:4: 19 daAuts
